 Dungeon Crawl Stone Soup version 0.31-a0-355-g57cb03d3e8 (webtiles) character file.

Game seed: 7278385156565507689

225100 Shard1697 the Brawler (level 18, -4/160 HPs)
             Began as a Red Draconian Shapeshifter on July 24, 2023.
             Was the Champion of Okawaru.
             Killed from afar by a deep elf knight (45 damage)
             ... with a shard of ice
             ... on level 2 of the Elven Halls.
             The game lasted 01:18:50 (34814 turns).

Shard1697 the Brawler (Red Draconian Shapeshifter) Turns: 34814, Time: 01:18:51

Health: -4/160     AC: 26    Str: 18    XL:     18   Next: 17%
Magic:  21/24      EV: 25    Int: 10    God:    Okawaru [******]
Gold:   1967       SH: 18    Dex: 20    Spells: 23/26 levels left

rFire   + .          .
                       - Unarmed
rCold   . . .        X - +5 kite shield {AC+3}
rNeg    + . .        (body armour unavailable)
rPois   +            b - +2 hat of the Akabeko {rElec rPois}
rElec   +            N - +2 cloak {rPois}
rCorr   .            t - +1 pair of gloves
SInv    .            C - +1 pair of boots {Stlth+}
Will    +....        U - amulet of faith
Stlth   ++++         g - +5 ring of evasion
HPRegen 0.46/turn    n - ring of the Treeataur {rN+ AC+4 Int-2 Dex+4 Slay+2}
MPRegen 0.19/turn

%: faith
@: maw-form, slowed, studying Ranged Weapons, very slow
A: devouring maw, breathe fire, AC +10, unfitting armour, fire resistance 1,
cold-blooded
}: 2/15 runes: decaying, serpentine
a: Breathe Fire, Begin Untransformation, Renounce Religion, Heroism, Finesse,
Duel


You were on level 2 of the Elven Halls.
You worshipped Okawaru.
Okawaru was exalted by your worship.
You were a creature with a mouth for a stomach.
You visited 6 branches of the dungeon, and saw 32 of its levels.

You collected 3027 gold pieces.
You spent 1060 gold pieces at shops.

Inventory:

Missiles
 r - 6 throwing nets
Armour
 b - the +2 hat of the Akabeko (worn) {rElec rPois}
   (You acquired it on level 2 of the Snake Pit)

   rElec:     It insulates you from electricity.
   rPois:     It protects you from poison.
 t - a +1 pair of gloves (worn)
 z - the +0 pair of gloves of Impatience {Harm rC+ rCorr}
   (Okawaru gifted it to you on level 14 of the Dungeon)

   rC:        It protects you from cold.
   rCorr:     It protects you from acid and corrosion.
   Harm:      It increases damage dealt and taken.
 C - a +1 pair of boots of stealth (worn)
 N - a +2 cloak of poison resistance (worn)
 X - a +5 kite shield of protection (worn)
Jewellery
 g - a +5 ring of evasion (left hand)
 l - a ring of willpower
 n - the ring of the Treeataur (right hand) {rN+ AC+4 Int-2 Dex+4 Slay+2}
   (You acquired it on level 6 of the Dungeon)

   [ring of protection]

   AC:        It affects your AC (+4).
   Int:       It affects your intelligence (-2).
   Dex:       It affects your dexterity (+4).
   Slay:      It affects your accuracy & damage with ranged weapons and melee
   (+2).
   rN:        It protects you from negative energy.
 p - a ring of protection from cold
 q - a ring of resist corrosion
 G - an amulet of regeneration
 H - a ring of see invisible
 K - a ring of flight
 U - an amulet of faith (around neck)
Talismans
 Q - a maw talisman
Wands
 j - a wand of polymorph (18)
 s - a wand of paralysis (33)
 A - a wand of quicksilver (7)
 B - a wand of flame (23)
 F - a wand of roots (39)
 V - a wand of mindburst (18)
 Y - a wand of digging (6)
Scrolls
 c - 3 scrolls of revelation
 x - 6 scrolls of teleportation
 E - 3 scrolls of fog
 I - 3 scrolls of blinking
 L - 11 scrolls of identify
 P - 3 scrolls of amnesia
 T - 2 scrolls of fear
 W - 2 scrolls of silence
 Z - a scroll of poison
Potions
 a - 7 potions of lignification
 d - a potion of might
 e - 10 potions of curing
 f - 4 potions of cancellation
 h - 3 potions of haste
 i - 5 potions of brilliance
 k - 6 potions of attraction
 m - 5 potions of magic
 u - 3 potions of invisibility
 D - 3 potions of enlightenment
 J - 2 potions of mutation
 M - 2 potions of berserk rage
 O - a potion of resistance
 R - 2 potions of heal wounds
Miscellaneous
 o - a condenser vane
 v - a lightning rod (4/4)
 S - a phial of floods


   Skills:
 - Level 14.2 Fighting
 - Level 13.1 Dodging
 - Level 6.0 Stealth
 - Level 10.5 Shields
 - Level 18.0 Unarmed Combat
 - Level 4.5 Spellcasting
 + Level 6.4 Translocations
 + Level 6.3 Air Magic
 - Level 7.7 Invocations
 - Level 10.0 Evocations
 - Level 9.0 Shapeshifting


You had 23 spell levels left.
You knew the following spells:

 Your Spells              Type           Power      Damage    Failure   Level
t - Vhi's Electric Charg  Tloc/Air       30%        N/A       11%         3

Your spell library contained the following spells:

 Spells                   Type           Power      Damage    Failure   Level
 Poisonous Vapours        Pois/Air       16%        N/A       19%         2
 Cigotuvi's Dreadful Rot  Necr/Pois/Air  12%        N/A       30%         2
 Portal Projectile        Hex/Tloc       16%        N/A       36%         3
 Magic Dart               Conj           8%         1d3       43%         1
 Sandblast                Erth           4%         2d4       43%         1
 Sting                    Tmut/Pois      8%         1d3       43%         1
 Mephitic Cloud           Conj/Pois/Air  6%         N/A       52%         3
 Ensorcelled Hibernation  Hex/Ice        4%         N/A       58%         2
 Passwall                 Tmut/Erth      1%         N/A       58%         2
 Searing Ray              Conj           4%         2d4       58%         2
 Iskenderun's Mystic Bla  Conj/Tloc      8%         2d4       77%         4
 Inner Flame              Hex/Fire       2%         N/A       82%         3
 Stone Arrow              Conj/Erth      4%         3d7       82%         3
 Arcjolt                  Conj/Air       4%         1d14      98%         5
 Anguish                  Hex/Necr       1%         N/A       99%         4
 Cause Fear               Hex            1%         N/A       99%         4
 Dispel Undead            Necr           2%         3d7       99%         4
 Fulminant Prism          Conj/Hex       1%         3d5       99%         4
 Leda's Liquefaction      Hex/Erth       1%         N/A       99%         4
 Olgreb's Toxic Radiance  Pois           2%         N/A       99%         4
 Fireball                 Conj/Fire      1%         3d3       100%        5
 Yara's Violent Unravell  Hex/Tmut       1%         3d3       100%        5
 Eringya's Noxious Bog    Tmut/Pois      1%         4d6       100%        6
 Leda's Unmaking          Conj/Erth      1%         9d1       100%        6
 Plasma Beam              Fire/Air       4%         2x1d14    100%        6
 Enfeeble                 Hex            1%         N/A       100%        7
 Lehudib's Crystal Spear  Conj/Erth      1%         10d2      100%        8
 Call Imp                 Summ           Unusable   N/A       N/A         2
 Tukima's Dance           Hex            Unusable   N/A       N/A         3
 Summon Forest            Summ/Tloc      Unusable   N/A       N/A         5
 Animate Armour           Summ/Erth      Unusable   N/A       N/A         4
 Death Channel            Necr           Unusable   N/A       N/A         6
 Summon Hydra             Summ           Unusable   N/A       N/A         7
 Dragon's Call            Summ           Unusable   N/A       N/A         9

Dungeon Overview and Level Annotations

Branches:
Dungeon (15/15)            Temple (0/1) D:5            Lair (5/5) D:9
  Swamp (4/4) Lair:3        Snake (4/4) Lair:2        Slime (0/5) Lair:4
    Orc (2/2) D:12            Elf (2/3) Orc:2        Vaults (0/5) D:14
 Depths (0/4) D:15

Altars:
Fedhas
Gozag
Hepliaklqana
Kikubaaqudgha
Makhleb
Nemelex Xobeh
Okawaru
Sif Muna
Trog
Uskayaw
Vehumet
Wu Jian
Xom
Yredelemnul
Zin
The Shining One
Jiyva

Shops:
D:2 (   D:7 [   D:14 =   Orc:1 (([   Orc:2 (==:   Elf:2 (   Snake:3 ::=[

Annotations:
D:13 3 runed translucent doors, Palms's ghost, journeyman TeCj
Lair:1 1 runed translucent door, bobarctor's ghost, journeyman TrSh


Innate Abilities, Weirdness & Mutations

You are a creature with a mouth for a stomach.
Your midsection houses a second, enormous mouth.
You can breathe blasts of fire.
Your fiery red scales are hard. (AC +10)
You cannot fit into any form of body armour.
Your flesh is heat resistant. (rF+)
You are cold-blooded and may be slowed by cold attacks.


Message History

Deactivating autopickup; reactivate with Ctrl-A.
The deep elf archer gestures wildly while chanting.
The deep elf archer blinks!
The deep elf archer shoots an arrow.
The arrow barely misses you.
You hear some strange, mumbled words.
A shard of ice appears from out of thin air!
The shard of ice hits you!
The deep elf archer unwields a +0 short sword.
The deep elf archer wields a +0 shortbow.
The deep elf archer shoots an arrow.
The arrow closely misses you.
The deep elf archer shoots an arrow.
The arrow barely misses you.
You feel better. Something hits you.
The deep elf archer shoots an arrow.
The arrow misses you.
The deep elf archer shoots an arrow.
The arrow hits you but does no damage.
You hear some strange, mumbled words.
A lance of force appears from out of thin air!
The lance of force hits you.
You are knocked back by the lance of force.
The deep elf archer gestures at you while chanting.
You resist with some effort.
The deep elf archer gestures wildly while chanting.
The deep elf archer blinks!
Casting: Vhi's Electric Charge (mildly dangerous; 11% risk of failure)
Confirm with . or Enter, or press ? or * to list all spells.
Charge where?
Press: ? - help, Dir - move target, f/p - deep elf archer
Aim: a deep elf archer, wielding a +0 shortbow and wearing a +0 leather armour (almost dead, repelling missiles, 78% to hit)
You charge forward with an electric crackle!
You closely miss the deep elf archer.
The deep elf archer is almost dead.
A shard of ice appears from out of thin air!
The shard of ice hits you!!!
* * * LOW HITPOINT WARNING * * *
The deep elf archer unwields a +0 shortbow.
The deep elf archer wields a +2 dagger of venom.
It begins to drip with poison!
The deep elf archer hits you but does no damage.
A shard of ice appears from out of thin air!
The shard of ice hits you!!!
You die...

................
...
#########'#####..#
###
#.............#..#
#.............#..#
#..####'####..#..#
#.......#..'..#
#.......#..#..#####
#.e.....#.)#.......
#.W.....#..#.......
#..§..).#..#..#####
#..§....#..#..#
#...§..)#..#..#
#.......#..#..#
#...{...#..#..#
#...).).# #..+.
#.....(.# #....)))#


You could see a deep elf archer (repels missiles).

Vanquished Creatures
  Vashnia (Snake:4)
  A sphinx (D:12)
  Donald (Snake:1)
  15 nagarajas
  3 very ugly things (Swamp:4)
  Nessos (Lair:4)
  3 eleionomae
  4 bunyips
  2 green deaths (Swamp:4)
  An ettin (D:15)
  A deep elf high priest (Elf:1)
  Fannar (D:10)
  2 salamander tyrants
  An ogre mage (Orc:1)
  4 catoblepae
  A ghost crab (Swamp:3)
  16 hydras
  A vault guard (D:14)
  11 anacondas
  Erica (D:10)
  3 boulder beetles
  2 dancing weapons
  5 centaur warriors
  13 death yaks
  A spriggan air mage (Swamp:4)
  10 two-headed ogres
  3 tengu warriors
  10 alligators
  11 naga warriors
  A thrashing horror (Swamp:4)
  11 orc high priests
  19 naga sharpshooters
  4 shock serpents (Snake:4)
  A shock serpent (shapeshifter) (D:12)
  2 spriggans (Swamp:3)
  A deep elf knight (Elf:1)
  A deep troll (D:15)
  2 goliath frogs
  4 salamander mystics
  7 swamp dragons
  3 spriggan druids
  4 naga ritualists
  8 bog bodies
  2 deep elf archers (Elf:2)
  2 wizards
  2 harpies (shapeshifter)
  7 mana vipers
  9 deep elf zephyrmancers
  8 cyclopes
  An orc knight (D:12)
  12 deep elf pyromancers
  13 salamanders
  2 orc sorcerers
  8 ugly things
  2 will-o-the-wisps
  5 manticores
  A salamander (shapeshifter) (Elf:1)
  15 naga magi
  38 black mambas
  Joseph (D:10)
  4 guardian serpents
  4 gargoyles
  2 torpor snails
  An orange demon (Swamp:4)
  7 cane toads
  3 rime drakes
  A kobold demonologist (D:13)
  2 efreet (D:15)
  6 komodo dragons
  2 tengu conjurers
  2 freezing wraiths
  6 trolls
  A bloated husk (Swamp:3)
  4 tyrant leeches
  11 blink frogs
  A polar bear (Lair:3)
  4 hornets
  10 dream sheep
  14 slime creatures
  An air elemental (Elf:2)
  A jumping spider (shapeshifter) (D:14)
  Sigmund (D:3)
  3 shadows
  36 yaks
  5 wyverns
  A water elemental (D:13)
  5 wraiths
  4 basilisks
  2 fire elementals
  19 vampire mosquitoes
  2 steam dragons
  5 wargs
  36 nagas
  3 acid dragons
  3 small abominations (Swamp:4)
  15 swamp worms
  11 water moccasins
  A swamp drake (Swamp:2)
  23 orc warriors
  A black bear (Lair:1)
  3 ice beasts
  4 ogres
  9 wolves
  10 centaurs
  2 phantoms
  An earth elemental (Elf:1)
  2 gnoll sergeants
  3 kobold brigands
  20 bullfrogs
  4 scorpions
  A howler monkey (D:10)
  2 electric eels
  33 orc priests
  3 jellies
  6 hounds
  A sleepcap (D:6)
  A gnoll bouda (D:6)
  Natasha (thrice) (D:2)
  3 iguanas
  19 orc wizards
  17 gnolls
  14 adders
  A white imp (D:6)
  An ufetubus (D:6)
  3 dart slugs
  91 orcs
  7 ball pythons
  3 bats
  6 endoplasms
  2 giant cockroaches (D:2)
  9 hobgoblins
  14 kobolds
  A quokka (D:1)
  2 frilled lizards (D:1)
  5 goblins
  3 rats
897 creatures vanquished.

Vanquished Creatures (others)
  A deep elf knight (Elf:2)
  A deep elf zephyrmancer (Elf:1)
  A black mamba (Snake:2)
  An orange demon (Swamp:4)
  2 bloated husks
  8 foxfires
14 creatures vanquished.

Grand Total: 911 creatures vanquished

Notes
Turn   | Place    | Note
-------+----------+-------------------------------------------
     0 | D:1      | Shard1697 the Draconian Shapeshifter began the quest for
                  | the Orb.
     0 | D:1      | Reached XP level 1. HP: 16/16 MP: 1/1
    36 | D:1      | Reached XP level 2. HP: 23/23 MP: 2/2
   292 | D:1      | Reached skill level 4 in Unarmed Combat
   896 | D:2      | Found a basalt altar of Yredelemnul.
   903 | D:2      | Reached XP level 3. HP: 28/28 MP: 3/3
   959 | D:2      | Noticed Natasha
   964 | D:2      | Killed Natasha
  1034 | D:2      | Noticed Natasha
  1040 | D:2      | Killed Natasha
  1041 | D:2      | Reached skill level 5 in Unarmed Combat
  1041 | D:2      | Reached XP level 4. HP: 35/35 MP: 4/4
  1209 | D:2      | Noticed Natasha
  1217 | D:2      | Killed Natasha
  1218 | D:2      | Reached XP level 5. HP: 39/40 MP: 5/5
  1229 | D:2      | Found Hear's Antique Weapon Shop.
  1325 | D:2      | Reached skill level 6 in Unarmed Combat
  1587 | D:2      | Noticed a phantom
  1608 | D:2      | Killed a phantom
  1926 | D:3      | Reached XP level 6. HP: 47/47 MP: 6/6
  1926 | D:3      | Noticed Sigmund
  1940 | D:3      | Killed Sigmund
  1941 | D:3      | Reached skill level 7 in Unarmed Combat
  1993 | D:3      | Found an ornate altar of the Wu Jian Council.
  2533 | D:4      | Found a shimmering blue altar of Sif Muna.
  2560 | D:4      | Your scales start taking on a fiery red colour.
  2560 | D:4      | Reached XP level 7. HP: 52/55 MP: 7/7
  2560 | D:4      | Gained mutation: Your flesh is heat resistant. (rF+) [Red
                  | Draconian growth]
  2737 | D:4      | Found a burning altar of Makhleb.
  2737 | D:4      | Found a glowing silver altar of Zin.
  2738 | D:4      | Noticed an angel
  2738 | D:4      | Noticed an Executioner
  2798 | D:4      | Reached skill level 8 in Unarmed Combat
  3023 | D:4      | You fall into a shaft and drop 3 floors!
  3227 | D:6      | Found an opulent altar of Gozag.
  3372 | D:6      | Reached XP level 8. HP: 58/67 MP: 8/8
  3531 | D:5      | Entered Level 5 of the Dungeon
  3879 | D:5      | Reached skill level 5 in Fighting
  3891 | D:4      | Reached skill level 9 in Unarmed Combat
  4025 | D:5      | Found an iron altar of Okawaru.
  4046 | D:5      | Became a worshipper of Warmaster Okawaru
  4330 | D:5      | Found a staircase to the Ecumenical Temple.
  4360 | D:5      | Found a hazy altar of Hepliaklqana.
  4565 | D:6      | Found a radiant altar of Vehumet.
  4682 | D:6      | Found a bloodstained altar of Trog.
  4709 | D:6      | Reached * piety under Okawaru
  4753 | D:6      | Reached skill level 10 in Unarmed Combat
  5031 | D:6      | Identified a scroll of acquirement
  5031 | D:6      | Acquired the ring of the Treeataur {rN+ AC+4 Int-2 Dex+4
                  | Slay+2}
  5116 | D:7      | Reached XP level 9. HP: 71/79 MP: 9/9
  5142 | D:7      | Found Kaehuximigg's Antique Armour Shoppe.
  5159 | D:7      | Reached skill level 1 in Invocations
  5169 | D:7      | Reached ** piety under Okawaru
  5217 | D:7      | Found a blossoming altar of Fedhas.
  5612 | D:8      | Paralysed by a hornet for 3 turns
  5935 | D:8      | Reached *** piety under Okawaru
  5959 | D:8      | Reached skill level 11 in Unarmed Combat
  6200 | D:8      | Found a glowing golden altar of the Shining One.
  6703 | D:9      | Noticed a troll
  6703 | D:9      | Found an ancient bone altar of Kikubaaqudgha.
  6708 | D:9      | Killed a troll
  6743 | D:9      | Got the Omnibus of the Tektite
  6921 | D:9      | Reached XP level 10. HP: 91/91 MP: 12/12
  6931 | D:9      | Reached **** piety under Okawaru
  6963 | D:9      | Found a staircase to the Lair.
  7236 | D:10     | Entered Level 10 of the Dungeon
  7397 | D:10     | Noticed Joseph
  7408 | D:10     | Killed Joseph
  7488 | D:10     | Reached skill level 10 in Fighting
  7501 | D:10     | Reached skill level 12 in Unarmed Combat
  7552 | D:10     | Found a hide-covered altar of Uskayaw.
  7642 | D:10     | Reached skill level 5 in Invocations
  7732 | D:10     | Noticed Fannar
  7746 | D:10     | Killed Fannar
  7746 | D:10     | Reached ***** piety under Okawaru
  7851 | D:10     | Noticed Erica
  7862 | D:10     | Killed Erica
  7993 | D:10     | Found a sparkling altar of Nemelex Xobeh.
  8096 | D:10     | Noticed a gargoyle
  8101 | D:10     | Killed a gargoyle
  8204 | D:11     | Noticed a gargoyle
  8221 | D:11     | Killed a gargoyle
  8222 | D:11     | Reached XP level 11. HP: 80/101 MP: 15/15
  8548 | D:11     | Noticed a boulder beetle
  8566 | D:11     | Killed a boulder beetle
  8789 | D:11     | Reached skill level 13 in Unarmed Combat
  8900 | D:11     | Reached skill level 5 in Dodging
  8900 | D:11     | Reached skill level 1 in Shields
  8989 | D:11     | Noticed a two-headed ogre
  8998 | D:11     | Killed a two-headed ogre
  9301 | D:11     | Noticed a two-headed ogre
  9309 | D:11     | Killed a two-headed ogre
  9522 | D:12     | Noticed an orc knight
  9549 | D:12     | Killed an orc knight
 10077 | D:12     | Found a staircase to the Orcish Mines.
 10198 | D:12     | Received a gift from Okawaru
 10342 | D:12     | Noticed a two-headed ogre
 10351 | D:12     | Killed a two-headed ogre
 10489 | D:12     | Noticed a purple ugly thing
 10499 | D:12     | Killed a purple ugly thing
 10500 | D:12     | Reached XP level 12. HP: 107/107 MP: 14/17
 10561 | D:12     | Noticed a two-headed ogre
 10571 | D:12     | Killed a two-headed ogre
 10572 | D:12     | Reached skill level 5 in Shields
 10582 | D:12     | Reached skill level 14 in Unarmed Combat
 10600 | D:12     | Reached skill level 1 in Evocations
 10863 | D:12     | Noticed a sphinx
 10874 | D:12     | Paralysed by a sphinx for 2 turns
 10883 | D:12     | Killed a sphinx
 11035 | D:12     | Identified the +0 war axe "Hibed" {freeze, rPois rC++
                  | Dex+2}
 11036 | D:12     | Identified the +7 quarterstaff of Odoec {speed, rC+ Str+3
                  | Dex-2}
 11037 | D:12     | Identified the +2 robe of Agoraphobia {Harm rPois rF-
                  | Dex+3}
 11082 | D:12     | Noticed a two-headed ogre
 11088 | D:12     | Killed a two-headed ogre
 11284 | Lair:1   | Entered Level 1 of the Lair of Beasts
 11335 | Lair:1   | Reached ****** piety under Okawaru
 11517 | Lair:1   | Found a runed translucent door.
 11518 | Lair:1   | Found a shimmering altar of Xom.
 11518 | Lair:1   | Noticed bobarctor's ghost (journeyman TrSh)
 12226 | Lair:2   | Found a staircase to the Snake Pit.
 12257 | Lair:2   | Received a gift from Okawaru
 12453 | Lair:2   | Reached skill level 15 in Unarmed Combat
 12594 | Lair:2   | Noticed a five-headed hydra
 12646 | Lair:2   | Noticed a boulder beetle
 12677 | Lair:2   | Killed a boulder beetle
 12691 | Lair:2   | Reached XP level 13. HP: 114/114 MP: 18/18
 12789 | Lair:2   | Received a gift from Okawaru
 13588 | Lair:3   | Found a staircase to the Swamp.
 14245 | Lair:4   | Reached skill level 5 in Evocations
 14369 | Lair:4   | Found a viscous altar of Jiyva.
 14369 | Lair:4   | Found a staircase to the Slime Pits.
 14492 | Lair:4   | Reached skill level 10 in Dodging
 14764 | Lair:4   | Learned a level 3 spell: Vhi's Electric Charge
 14849 | Lair:4   | Noticed Nessos
 14866 | Lair:4   | Killed Nessos
 14866 | Lair:4   | Identified the -1 pair of gloves of Inevitability {rCorr
                  | Dex+2} (Okawaru gifted it to you on level 4 of the Lair of
                  | Beasts)
 14866 | Lair:4   | Received a gift from Okawaru
 14926 | Lair:4   | Reached skill level 1 in Stealth
 15508 | Lair:5   | Entered Level 5 of the Lair of Beasts
 15832 | Lair:5   | Reached skill level 16 in Unarmed Combat
 16646 | Lair:5   | Identified the +1 buckler "Ycsuxtin" {rCorr Int-5 Dex+5}
                  | (Okawaru gifted it to you on level 5 of the Lair of Beasts)
 16646 | Lair:5   | Received a gift from Okawaru
 16647 | Lair:5   | Reached XP level 14. HP: 100/124 MP: 19/19
 17488 | Lair:5   | Identified the +9 demon trident "Demon's Foe" {venom,
                  | Dex+4}
 17709 | Orc:1    | Entered Level 1 of the Orcish Mines
 17785 | Orc:1    | Found Mocyh's Antique Armour Shop.
 17871 | Orc:1    | Found Ciptiatico's Antique Weapon Shop.
 17955 | Orc:1    | Found Ovaor's Antique Weapon Boutique.
 18193 | Orc:1    | Bought a pair of glowing gloves for 240 gold pieces
 18297 | Orc:2    | Entered Level 2 of the Orcish Mines
 18299 | Orc:2    | Found a staircase to the Elven Halls.
 18741 | Orc:2    | Identified the +2 buckler "Ufewasusk" {rElec rPois Str+3
                  | Int-5} (Okawaru gifted it to you on level 2 of the Orcish
                  | Mines)
 18741 | Orc:2    | Received a gift from Okawaru
 19199 | Orc:2    | Found a bloodstained altar of Trog.
 19256 | Orc:2    | Found Gikuas's Jewellery Shop.
 19256 | Orc:2    | Found Xiqopn's Weapon Emporium.
 19548 | Orc:2    | Bought a maw talisman for 520 gold pieces
 19653 | Orc:2    | Found Highufin's Jewellery Emporium.
 19653 | Orc:2    | Found Kaqucw's Book Shop.
 19697 | Orc:2    | Bought a ring of protection from cold for 300 gold pieces
 20284 | D:13     | Found a runed translucent gate.
 20284 | D:13     | Found a runed translucent gate.
 20285 | D:13     | Found a runed translucent gate.
 20290 | D:13     | Noticed Palms's ghost (journeyman TeCj)
 20442 | D:13     | Reached skill level 5 in Shapeshifting
 20580 | D:13     | Identified the staff of Youthful Indiscretion {rC+ rN+
                  | Int+4 Ice Air}
 21011 | D:14     | Reached XP level 15. HP: 133/133 MP: 20/20
 21240 | D:14     | Found Ipot's Jewellery Shoppe.
 21272 | D:14     | Identified the +0 pair of gloves of Impatience {Harm rC+
                  | rCorr} (Okawaru gifted it to you on level 14 of the
                  | Dungeon)
 21272 | D:14     | Received a gift from Okawaru
 21660 | D:14     | Found a gate to the Vaults.
 21832 | D:15     | Entered Level 15 of the Dungeon
 22357 | D:15     | Found a staircase to the Depths.
 22874 | Snake:1  | Entered Level 1 of the Snake Pit
 23180 | Snake:1  | Identified the +3 mace "Uconat" {distort, Str+3} (Okawaru
                  | gifted it to you on level 1 of the Snake Pit)
 23180 | Snake:1  | Received a gift from Okawaru
 23192 | Snake:1  | Reached skill level 17 in Unarmed Combat
 23248 | Snake:1  | Noticed Donald
 23408 | Snake:1  | Killed Donald
 23815 | Snake:2  | Identified the +6 rapier of Disarray {venom, rC+ Dex+2
                  | SInv} (Okawaru gifted it to you on level 2 of the Snake
                  | Pit)
 23815 | Snake:2  | Received a gift from Okawaru
 23842 | Snake:2  | Reached skill level 5 in Stealth
 24560 | Snake:2  | Identified the +8 lajatang of Cruel Justice {protect, rF+
                  | Will+++ Int-4 Dex+3} (Okawaru gifted it to you on level 2
                  | of the Snake Pit)
 24560 | Snake:2  | Received a gift from Okawaru
 24590 | Snake:2  | Acquired the +2 hat of the Akabeko {rElec rPois}
 24746 | Snake:2  | Identified the +0 dire flail of Ninaenke {flame, Fragile
                  | rPois rF- rN+++}
 24757 | Snake:2  | Reached XP level 16. HP: 143/143 MP: 21/21
 25645 | Snake:3  | Found Keuledygg's Antique Armour Shop.
 25947 | Snake:3  | Found Keb Bisi's Book Boutique.
 25949 | Snake:3  | Found Lubiguih's Jewellery Shoppe.
 25950 | Snake:3  | Found Deytua Joefo's Book Boutique.
 26350 | Snake:4  | Entered Level 4 of the Snake Pit
 26717 | Snake:4  | Noticed Vashnia
 27079 | Snake:4  | Killed Vashnia
 27079 | Snake:4  | Received a gift from Okawaru
 27804 | Snake:4  | Reached skill level 18 in Unarmed Combat
 28067 | Snake:4  | Received a gift from Okawaru
 28867 | Snake:4  | Reached XP level 17. HP: 126/152 MP: 15/22
 28918 | Snake:4  | Reached skill level 10 in Evocations
 29141 | Snake:4  | Got a serpentine rune of Zot
 29384 | Snake:4  | Reached skill level 1 in Translocations
 29384 | Snake:4  | Reached skill level 1 in Air Magic
 29489 | Snake:4  | Reached skill level 1 in Spellcasting
 29599 | Snake:4  | Identified the +0 cloak of Understanding {+Inv rPois Str+3}
                  | (Okawaru gifted it to you on level 4 of the Snake Pit)
 29599 | Snake:4  | Received a gift from Okawaru
 29995 | Swamp:1  | Entered Level 1 of the Swamp
 30825 | Swamp:2  | You fall into a shaft and drop 1 floor!
 32079 | Swamp:4  | Entered Level 4 of the Swamp
 32459 | Swamp:4  | Received a gift from Okawaru
 32894 | Swamp:4  | Identified the +4 lajatang "Vapt" {flame, Stlth+} (Okawaru
                  | gifted it to you on level 4 of the Swamp)
 32894 | Swamp:4  | Received a gift from Okawaru
 32921 | Swamp:4  | Noticed a tentacled monstrosity
 33185 | Swamp:4  | Reached skill level 10 in Shields
 33416 | Swamp:4  | Reached skill level 5 in Translocations
 33433 | Swamp:4  | Reached skill level 5 in Air Magic
 33476 | Swamp:4  | Got a decaying rune of Zot
 33710 | Elf:1    | Entered Level 1 of the Elven Halls
 33869 | Elf:1    | Reached XP level 18. HP: 160/160 MP: 24/24
 34652 | Elf:2    | Found Jamiturr's Antique Weapon Emporium.
 34659 | Elf:2    | Received a gift from Okawaru
 34814 | Elf:2    | Killed from afar by a deep elf knight

Illustrated notes

Levels and vault maps discovered:
D:1:      dpeg_arrival_windows_large_door, layout_basic, minmay_3d_cube
D:2:      wander_river, layout_loops_ring, basic_altar, serial_shops,
          shop_fountains, minmay_tetromino_s2, uniq_natasha
D:3:      layout_basic, nicolae_wu_jian_wuxing_cycle, uniq_sigmund
D:4:      layout_basic, grunt_temple_overflow_order_and_chaos_2,
          mainiacjoe_overflow_concentric_impassable
D:5:      layout_cave_pools, marbit_many_paths, okawaru_trees_2,
          minmay_temple_entry_hall
D:6:      layout_loops_ring, kennysheep_little_box, amcnicky_altar_gilded,
          mainiacjoe_overflow_surrounded_room, minmay_misc_feat_five,
          nicolae_half_adder
D:7:      layout_rooms, mainiacjoe_overflow_alcove_1, kennysheep_windowed_goal
D:8:      layout_loops_ring, tso_metal_star, minmay_liquid_box,
          kennysheep_potato
D:9:      nicolae_BIG_FREAKIN_CUBE, layout_rooms, mainiacjoe_overflow_chevrons,
          lair_entry_dummy, dreamdust_wishing_well, minmay_misc_feat_plants,
          minivault_26, lemuel_flamethrower_1
D:10:     layout_irregular_city, mainiacjoe_overflow_paths,
          nemelex_diamond_rough_becter, uniq_fannar, uniq_joseph, uniq_erica
D:11:     layout_irregular_city, serial_bayou_ford_a
D:12:     minmay_the_grid_3x3 [minmay_the_grid_empty,
          minmay_the_grid_holed_spiral, minmay_the_grid_spin_star,
          minmay_the_grid_aliased_spiral, minmay_the_grid_garden,
          minmay_the_grid_minigrid_small, minmay_the_grid_fan,
          minmay_the_grid_embedded, minmay_the_grid_prize_diamond_cup],
          layout_loops_corners, david_orc_5, nrook_guardian_serpent_double
D:13:     layout_rooms, gammafunk_ghost_split, water_boxes_lemuel
D:14:     layout_roguey, david_vaults_5, serial_shops, nicolae_shop_crystal,
          grunt_decor_mini_mirrors, serial_glass, glass_columns_a,
          glass_columns_b, grunt_tough_drop
D:15:     hangedman_depths_entry_civil_slaughter, layout_basic
Lair:1:   layout_regular_city, ebering_ghost_xom,
          eino_small_chamber_without_monster, infiniplex_staircase_pool_2
Lair:2:   statuecave_lemuel, layout_misc_corridors, dummy_snake_entry
Lair:3:   layout_regular_city, swamp_mist_pool
Lair:4:   layout_cave_pods, dpeg_slime_entry_corner, uniq_nessos
Lair:5:   evilmike_catoblepas_cave, layout_gridlike, grunt_megastairs_3,
          infiniplex_staircase_pool
Swamp:1:  layout_basic_swamp, evilmike_swamp_ruin_rubble_2, swamp_pool1
Swamp:2:  layout_basic_swamp, nicolae_swamp_triple_paths
Swamp:3:  layout_basic_swamp, nicolae_swamp_oxbows
Swamp:4:  swamp_vile, layout_basic_swamp
Snake:1:  layout_onion, uniq_donald
Snake:2:  layout_onion_interference, nicolae_snake_lava_pool, grunt_megastairs_4
Snake:3:  layout_honeycomb, serial_shops,
          nicolae_shop_competitors_out_of_business, nicolae_elevator_lobby_plus,
          lemuel_fruit_tree, minmay_shop_grove
Snake:4:  grunt_snake_rune_spirals, layout_onion_interference,
          grunt_ministairs_5, uniq_vashnia
Orc:1:    layout_caves, serial_shops, nicolae_shop_rolling_square, shop,
          nicolae_lakefront_shop
Orc:2:    st_orc_town, layout_diamond_mine, basic_altar
Elf:1:    eino_elf_arrival_the_gate, layout_onion_city,
          kennysheep_underground_church
Elf:2:    elven_hall_of_blades_hangedman_alternative
          [nooodl_blade_entry_preview], layout_onion_city, serial_shops,
          nicolae_take_the_stairs, lemuel_elevator, uniq_agnes, uniq_jorgrun

Skill      XL: |  1  2  3  4  5  6  7  8  9 10 11 12 13 14 15 16 17 18 |
---------------+-------------------------------------------------------+-----
Unarmed Combat | 4 5 6 7 8 10 11 12 13 15 16 17 18 | 18.0
Fighting       | 2 4 7 9 10 11 12 13 14 | 14.2
Invocations    | 3 5 7 |  7.7
Dodging        | 4 6 9 10 11 12 13 | 13.1
Shields        | 4 5 6 10 | 10.5
Evocations     | 4 6 7 9 10 | 10.0
Stealth        | 2 4 5 6 |  6.0
Shapeshifting  | 6 9 |  9.0
Translocations | 5 6 |  6.4
Air Magic      | 5 6 |  6.3
Spellcasting   | 4 |  4.5

Action                     |  1- 3 |  4- 6 |  7- 9 | 10-12 | 13-15 | 16-18 || total
---------------------------+-------+-------+-------+-------+-------+-------++-------
  Melee: Unarmed           |    59 |   122 |   219 |   448 |  1194 |   961 ||  3003
         Tailslap          |     6 |    10 |    22 |    79 |   229 |   214 ||   560
         Punch             |     1 |     3 |    13 |    12 |       |       ||    29
         Maw               |       |       |       |       |    66 |   244 ||   310
   Cast: Vhi's Electric Ch |       |       |       |       |       |     6 ||     6
 Invoke: Heroism           |       |       |     1 |    14 |    17 |    10 ||    42
         Finesse           |       |       |       |       |     4 |     3 ||     7
Ability: Breathe Fire      |       |       |    25 |    21 |    28 |    24 ||    98
  Evoke: Wand              |       |       |       |     1 |     5 |    22 ||    28
         Phial of floods   |       |       |       |       |     1 |       ||     1
    Use: Scroll            |       |    11 |     9 |     7 |     6 |    12 ||    45
         Potion            |       |     1 |     2 |       |     5 |     6 ||    14
   Stab: Sleeping          |     1 |     1 |     2 |     1 |     9 |    12 ||    26
         Distracted        |       |       |     1 |       |     2 |     4 ||     7
         Paralysed         |       |       |       |     2 |     6 |       ||     8
 Armour: Skin              |    13 |    23 |    53 |    68 |   157 |   177 ||   491
  Dodge: Dodged            |    31 |    80 |   204 |   240 |   820 |   605 ||  1980
  Block: Buckler           |       |       |       |   103 |   367 |    84 ||   554
         Kite shield       |       |       |       |       |       |   455 ||   455
         Form:             |       |       |     1 |       |       |       ||     1
         Beast             |       |       |     1 |       |       |       ||     1
         Maw               |       |       |       |       |     1 |       ||     1

Table legend: (Time is in decaauts)
 A = Elapsed time spent in this place.
 B = Non-inter-level travel time spent in this place.
 C = Inter-level travel time spent in this place.
 D = Time resting spent in this place.
 E = Time spent auto-exploring this place.
 F = Levels seen in this place.
 G = Mean time per level.
                   A        B        C        D        E       F      G
               +--------+--------+--------+--------+--------+-----+--------+
         Total |  34407 |  32763 |   1644 |   5501 |  18828 |  32 | 1075.2 |
       Dungeon |  14200 |  13338 |    862 |   1475 |   8892 |  15 |  946.7 |
          Lair |   6261 |   5903 |    358 |   1049 |   3569 |   5 | 1252.2 |
         Swamp |   3786 |   3643 |    143 |    493 |   2051 |   4 |  946.5 |
     Snake Pit |   6860 |   6677 |    183 |   2009 |   2642 |   4 | 1715.0 |
  Orcish Mines |   2214 |   2143 |     71 |    474 |    923 |   2 | 1107.0 |
   Elven Halls |   1084 |   1058 |     26 |      0 |    750 |   2 |  542.0 |
               +--------+--------+--------+--------+--------+-----+--------+

Top non-repeatable levels by time:
 Snake:4: 3068 daAuts
    D:12: 2086 daAuts
  Lair:5: 1782 daAuts
 Snake:3: 1665 daAuts
  Lair:4: 1477 daAuts
   Orc:2: 1440 daAuts
 Swamp:3: 1257 daAuts
 Snake:1: 1242 daAuts
 Swamp:4: 1207 daAuts
    D:11: 1195 daAuts
  Lair:3: 1036 daAuts
    D:10: 1027 daAuts
  Lair:1: 1006 daAuts
     D:6: 966 daAuts
  Lair:2: 958 daAuts
